Map: Thunderbird LE

Players

goose

  • Race: Terran Terran
  • League: Silver
  • Spawn Location: 5:00

DangBill - Winner!

  • Race: Protoss Protoss
  • Spawn Location: 11:00

VOD

Have the link to the VOD?

Description

Time

  • Played on: July 4, 2019, 2:39 a.m.
  • Length: 15:05
Show
View Real Time Build Order
Export as new Build Order

goose Terran 

Build Orders:  

Get SALT Encoding   

  13  0:07  SCV  
  13  0:23  Supply Depot  
  13  0:31  Supply Depot  
  13  0:42  Supply Depot  
  13  1:14  SCV  
  14  1:18  Refinery  
  14  1:19  Refinery  
  13  1:26  SCV  
  13  1:28  Barracks  
  14  1:55  Barracks  
  14  2:25  Barracks  
  14  2:32  Marine  
  14  2:36  SCV  
  16  2:59  Marine  
  17  3:12  Marine  
  18  3:19  Factory  
  18  3:29  Marine  
  19  3:40  Marine  
  20  3:47  Marine  
  21  3:50  Engineering Bay  
  21  3:52  SCV  
  22  4:20  Factory Tech Lab  
  22  4:21  Barracks Reactor  
  22  4:27  SCV  
  23  4:32  Command Center  
  23  4:39  Siege Tank  
  26  4:54  Missile Turret  
  26  4:57  Missile Turret  
  26  4:58  Missile Turret  
  26  5:00  Missile Turret  
  26  5:01  Marine  
  26  5:02  Marine, Missile Turret  
  28  5:21  Siege Tank  
  31  5:24  Marine  
  32  5:35  Missile Turret  
  32  5:39  SCV  
  33  5:49  SCV  
  34  5:51  Marine  
  34  5:52  Marine  
  32  6:17  Marine  
  31  6:35  Marine  
  32  6:47  Missile Turret  
  32  6:50  Missile Turret  
  32  6:53  Marine, Missile Turret  
  33  6:55  Marine x2  
  34  7:48  Marine x3  
  37  8:06  Marine x2  
  39  8:21  Armory  
  39  8:26  SCV  
  40  8:29  SCV  
  41  8:38  SCV  
  42  8:42  SCV  
  40  8:49  Marine x3  
  40  8:50  SCV  
  40  8:54  SCV  
  45  9:02  SCV  
  46  9:06  SCV  
  34  9:14  SCV  
  32  9:17  Thor  
  32  9:18  SCV  
  39  9:26  SCV  
  40  9:38  SCV x2  
  40  9:42  Marine x2  
  43  9:58  SCV  
  43  10:13  Supply Depot  
  43  10:15  Supply Depot  
  43  10:16  Supply Depot  
  35  10:31  Marine, SCV  
  35  10:32  Marine  
  31  10:48  Marine  
  31  10:49  Marine  
  25  10:54  Marine  
  24  11:01  Thor  
  24  11:04  SCV  
  28  11:16  SCV  
  19  11:52  Thor  
  19  11:53  Marine x2  
  17  12:11  Marine x2  
  11  12:58  Marine  
  12  13:59  SCV  
  13  14:32  SCV  
Show
View Real Time Build Order
Export as new Build Order

DangBill Protoss - Winner!

Build Orders:  

Get SALT Encoding   

  12  0:01  Probe  
  13  0:15  Pylon  
  13  0:27  Probe  
  14  0:34  Gateway  
  14  1:22  Zealot  
  16  1:34  Probe  
  17  1:43  Cybernetics Core  
  17  1:49  Nexus  
  19  1:58  Zealot  
  19  2:13  Assimilator, Probe  
  19  2:16  Assimilator  
  19  2:21  Probe  
  20  2:25  Zealot  
  23  2:36  Forge  
  23  2:56  Probe  
  23  3:08  Probe  
  24  3:13  Stargate  
  24  3:20  Probe  
  24  3:26  Assimilator  
  25  3:28  Assimilator  
  25  3:41  Stargate  
  25  3:48  Stalker  
  27  4:01  Probe  
  27  4:04  Oracle  
  27  4:09  Probe  
  32  4:18  Probe  
  32  4:23  Oracle  
  33  4:30  Probe  
  37  4:42  Probe  
  38  4:54  Robotics Facility  
  38  5:04  Pylon  
  38  5:19  Probe  
  38  5:21  Pylon  
  38  5:22  Probe  
  38  5:27  Probe  
  40  5:34  Probe  
  42  5:36  Probe  
  43  5:46  Probe  
  43  5:48  Probe  
  45  6:00  Probe  
  43  6:26  Void Ray  
  43  6:27  Void Ray  
  51  6:37  Probe  
  52  6:47  Warp Gate  
  52  6:49  Probe  
  53  6:56  Pylon  
  53  6:57  Pylon  
  53  7:01  Probe, Pylon  
  54  7:09  Void Ray  
  53  7:19  Zealot  
  53  7:21  Immortal  
  51  7:56  Pylon  
  51  7:57  Pylon  
  51  7:59  Pylon  
  51  8:02  Pylon  
  51  8:14  Void Ray  
  51  8:15  Void Ray  
  59  8:55  Twilight Council  
  59  9:00  Robotics Bay  
  54  9:20  Warp Prism  
  56  9:33  Nexus  
  56  10:02  Probe  
  61  10:14  Probe  
  60  10:26  Probe  
  55  10:38  Probe  
  41  10:50  Probe  
  41  10:52  Void Ray  
  38  11:00  Pylon  
  38  11:02  Probe  
  39  11:05  Probe  
  40  11:13  Probe  
  40  11:14  Probe  
  43  11:26  Probe  
  41  11:38  Probe  
  41  11:45  Void Ray  
  41  11:46  Void Ray  
  49  12:24  Immortal  
  49  12:28  Void Ray x2  
  49  12:29  Probe  
  62  12:38  Probe  
  63  12:47  Probe  
  64  12:55  Probe  
  64  13:01  Dark Shrine  
  65  13:07  Probe  
  66  13:18  Pylon x2  
  66  13:19  Probe  
  67  13:22  Void Ray  
  71  13:27  Void Ray  
  71  13:31  Probe  
  76  13:53  Probe  
  76  14:01  Probe  
  77  14:06  Void Ray  
  82  14:10  Probe  
  83  14:22  Probe  
  84  14:34  Nexus, Probe  
Tags
 
League
Silver
Matchup
PvT
Spawn Locations
Cross Positions
Add a new tag
Caveats
  • Supply blocks, unpowered buildings, or Contaminate may cause inaccurate times.
  • Supply counts are checked every 10 seconds.